 Dungeon Crawl Stone Soup version 0.30.1-10-g1249ef9ec4 (webtiles) character file.

Game seed: 3958779305842607967

8 lonewolfV2 the Trooper (level 2, 0/24 HPs)
             Began as a Demonspawn Fighter on Oct 26, 2023.
             Slain by a rat (1 damage)
             ... on level 1 of the Dungeon.
             The game lasted 00:00:35 (232 turns).

lonewolfV2 the Trooper (Demonspawn Fighter)          Turns: 232, Time: 00:00:36

Health: 0/24       AC:  6    Str: 16    XL:     2   Next: 0%
Magic:  2/2        EV:  9    Int:  9    God:
Gold:   33         SH:  4    Dex: 12    Spells: 1/1 levels left

rFire   . . .        a - +0 war axe
rCold   . . .        c - +0 buckler
rNeg    . . .        b - +0 scale mail
rPois   .            (no helmet)
rElec   .            (no cloak)
rCorr   .            (no gloves)
SInv    .            (no boots)
Will    .....        (no amulet) Stlth
                     (no ring)
HPRegen 0.24/turn    (no ring)
MPRegen 0.08/turn

%: no passive effects
@: no status effects
A: demonic magic 1
a: no special abilities


You were on level 1 of the Dungeon.
You visited 1 branch of the dungeon, and saw 1 of its levels.

You collected 33 gold pieces.

Inventory:

Hand Weapons
 a - a +0 war axe (weapon)
Armour
 b - a +0 scale mail (worn)
 c - a +0 buckler (worn)
Potions
 d - a potion of might
 e - 2 potions of lignification {unknown}
 f - a potion of cancellation {unknown}
 g - a potion of curing {unknown}


   Skills:
 - Level 3.0 Fighting
 - Level 1.7 Axes
 + Level 2.9 Armour
 * Level 1.1 Dodging
 - Level 2.6 Shields


You had one spell level left.
You didn't know any spells.
Your spell library was empty.

Dungeon Overview and Level Annotations

Branches:
Dungeon (1/15)

Altars:


Innate Abilities, Weirdness & Mutations

Spells you cast may paralyse adjacent enemies.


Message History

The rat closely misses you. The rat bites you but does no damage.
The frilled lizard bites you but does no damage.
The frilled lizard barely misses you. The rat barely misses you.
The frilled lizard closely misses you. The rat barely misses you.
The frilled lizard closely misses you. The rat bites you but does no damage.
The frilled lizard barely misses you. The rat bites you but does no damage.
You block the rat's attack. The frilled lizard barely misses you.
The frilled lizard barely misses you. The rat bites you.
* * * LOW HITPOINT WARNING * * *
You block the frilled lizard's attack. The rat barely misses you.
You block the frilled lizard's attack. The rat bites you but does no damage.
The frilled lizard bites you.
* * * LOW HITPOINT WARNING * * *
You block the rat's attack. The rat barely misses you.
The frilled lizard bites you but does no damage.
The frilled lizard bites you.
* * * LOW HITPOINT WARNING * * *
The rat bites you but does no damage. The frilled lizard closely misses you.
The rat bites you but does no damage. The frilled lizard barely misses you.
The rat bites you but does no damage. You block the frilled lizard's attack.
The rat bites you but does no damage. You block the rat's attack.
The frilled lizard bites you.
* * * LOW HITPOINT WARNING * * *
You block the frilled lizard's attack. The rat closely misses you.
The frilled lizard misses you. The rat bites you but does no damage.
The frilled lizard barely misses you. The rat completely misses you.
The frilled lizard bites you but does no damage.
You block the rat's attack. The rat closely misses you.
The frilled lizard closely misses you.
The frilled lizard bites you but does no damage.
The rat bites you but does no damage. The frilled lizard closely misses you.
The rat bites you.
* * * LOW HITPOINT WARNING * * *
The frilled lizard closely misses you. The rat bites you.
* * * LOW HITPOINT WARNING * * *
The frilled lizard barely misses you. The rat barely misses you.
The rat bites you.
You die...

#...).#.........#
#|.....#........#
#..###.#####+####
#..#!#..#### #
#..###.....# .##
##......##......
####.#.# .#.#.
###..#.##......
#......@l..#.#.
#.#.#.#.r......
#........##.##.
#.#.#.#.......
#....[..###.. .
#.#.#.#.... #.
#.......#.# .
#########.# .


You could see a frilled lizard and a rat.

Vanquished Creatures
  A bat (D:1)
  A goblin (D:1)
  A hobgoblin (D:1)
  2 kobolds (D:1)
  A frilled lizard (D:1)
  A rat (D:1)
7 creatures vanquished.

Notes
Turn   | Place    | Note
-------+----------+-------------------------------------------
     0 | D:1      | lonewolfV2 the Demonspawn Fighter began the quest for the
                  | Orb.
     0 | D:1      | Reached XP level 1. HP: 18/18 MP: 1/1
    70 | D:1      | Reached skill level 1 in Dodging
   126 | D:1      | Gained mutation: Spells you cast may paralyse adjacent
                  | enemies. [demonic ancestry]
   126 | D:1      | Reached XP level 2. HP: 24/24 MP: 2/2
   199 | D:1      | HP: 1/24 [rat (3)]
   230 | D:1      | HP: 1/24 [rat (2)]
   232 | D:1      | Slain by a rat

Illustrated notes

Levels and vault maps discovered:
D:1:      dpeg_arrival_chambers_temple_mockup, layout_basic, serial_glass,
          glass_columns_b, glass_columns_b, glass_columns_c, glass_columns_b,
          glass_columns_a, glass_columns_b, glass_columns_a, glass_columns_b,
          glass_columns_a, glass_columns_a, glass_columns_b, glass_columns_a,
          glass_columns_a, glass_columns_b, item_on_display_a, item_on_display_a

Skill      XL: |  1 |
---------------+----+-----
Dodging        | 1 |  1.1
Fighting       | |  3.0
Axes           | |  1.7
Armour         | |  2.9
Shields        | |  2.6

Action                     || total
---------------------------++-------
  Melee: War axe           ||    17
 Armour: Scale mail        ||    79
  Dodge: Dodged            ||    84
  Block: Buckler           ||    36
